 Dungeon Crawl Stone Soup version 0.30-b1-2-g02819fbbbe (webtiles) character file.

Game seed: 30142405734723663

5713 Borgoz the Protected (level 10, -1/64 HPs)
             Began as a Gargoyle Berserker on June 15, 2023.
             Was a Believer of Trog.
             Slain by a centaur (5 damage)
             ... on level 9 of the Dungeon.
             The game lasted 00:15:15 (8352 turns).

Borgoz the Protected (Gargoyle Berserker)           Turns: 8352, Time: 00:15:15

Health: -1/64      AC: 17    Str: 23    XL:     10   Next: 76%
Magic:  10/10      EV: 14    Int:  9    God:    Trog [**....]
Gold:   243        SH:  0    Dex: 13    Spells: 9/9 levels left

rFire   + + +        b - +5 falchion "Sowilimogh" {flame, *Corrode rF+++ rC+ Str+3}
rCold   + + .        (no shield)
rNeg    + . .        v - +3 steam dragon scales
rPois   ∞            (no helmet)
rElec   +            q - scarf {rC+ rF+}
rCorr   +            (no gloves)
SInv    .            (no boots)
Will    .....        (no amulet)
Stlth   ++           i - ring of resist corrosion
HPRegen 0.30/turn    (no ring)
MPRegen 0.12/turn

%: corrode self (3%)
@: on berserk cooldown, slowed, very slow
A: sickness immunity, AC +7, negative energy resistance 1, electricity
resistance, torment resistance 1, petrification resistance
a: Renounce Religion, Berserk, Trog's Hand


You were on level 9 of the Dungeon.
You worshipped Trog.
Trog was pleased with you.
You visited 1 branch of the dungeon, and saw 10 of its levels.

You collected 567 gold pieces.
You spent 324 gold pieces at shops.

Inventory:

Hand Weapons
 a - a +0 mace
 b - the +5 falchion "Sowilimogh" (weapon) {flame, *Corrode rF+++ rC+ Str+3}
   (You took it off a goblin on level 2 of the Dungeon)

   Str:       It affects your strength (+3).
   rF:        It renders you almost immune to fire.
   rC:        It protects you from cold.
   *Corrode:  It may corrode you when you take damage.
 u - a +4 great sword
Missiles
 f - 7 throwing nets (quivered)
Armour
 h - a +3 chain mail
 q - a scarf of resistance (worn)
 v - +3 steam dragon scales (worn)
Jewellery
 i - a ring of resist corrosion (left hand)
 k - a ring of fire
Wands
 m - a wand of flame (24)
 o - a wand of roots (4)
 s - a wand of paralysis (26)
Scrolls
 r - 4 scrolls of teleportation
Potions
 c - 3 potions of attraction
 d - 2 potions of mutation {unknown}
 e - 7 potions of curing
 g - a potion of haste {unknown}
 j - a potion of ambrosia {unknown}
 l - a potion of might
 n - 3 potions of flight {unknown}
 p - a potion of cancellation {unknown}
 x - a potion of berserk rage {unknown}


   Skills:
 + Level 7.6 Fighting
 * Level 7.6 Long Blades
 - Level 3.5 Maces & Flails
 - Level 3.0 Throwing
 + Level 8.9 Armour
 + Level 5.2 Dodging
 - Level 4.0 Stealth
 + Level 2.9 Evocations


You had 9 spell levels left.
You didn't know any spells.
Your spell library was empty.

Dungeon Overview and Level Annotations

Branches:
Dungeon (10/15)            Temple (0/1) D:7            Lair (0/5) D:9
    Orc: D:9-12

Altars:
Ashenzari
Hepliaklqana
Okawaru
Sif Muna
Vehumet
Wu Jian

Shops:
D:4 (   D:6 (   D:9 ?


Innate Abilities, Weirdness & Mutations

You are immune to sickness and miasma.
Your stone body is resilient. (AC +7)
You are immune to poison.
You resist negative energy. (rN+)
You are resistant to electric shocks. (rElec)
You are resistant to unholy torment.
You are immune to petrification.


Message History

* * * LOW HITPOINT WARNING * * *
You hit the killer bee. You burn the killer bee.
The killer bee is almost dead.
The killer bee stings you but does no damage.
The killer bee closely misses you.
The centaur shoots an arrow.
The arrow hits you but does no damage.
The killer bee stings you but does no damage.
You feel better. The killer bee misses you. x2
The killer bee stings you but does no damage.
The centaur shoots an arrow.
The arrow hits you.
* * * LOW HITPOINT WARNING * * *
You hit the killer bee. You burn the killer bee.
The killer bee is almost dead.
The killer bee stings you but does no damage.
The centaur shoots an arrow.
The arrow hits you!
* * * LOW HITPOINT WARNING * * *
The killer bee stings you but does no damage.
The centaur shoots an arrow.
The arrow misses you. The killer bee barely misses you.
You hit the killer bee. You burn the killer bee.
You kill the killer bee!
Trog accepts your kill.
The centaur shoots an arrow.
The arrow hits you but does no damage.
The centaur shoots an arrow.
The arrow closely misses you.
The centaur shoots an arrow.
The arrow hits you.
* * * LOW HITPOINT WARNING * * *
You see here a killer bee corpse.
The centaur shoots an arrow.
The arrow hits you.
* * * LOW HITPOINT WARNING * * *
The centaur shoots an arrow.
The arrow misses you.
You enter the shallow water.
Moving in this stuff is going to be slow.
The centaur unwields a +0 shortbow.
The centaur barely misses you. The centaur closely misses you.
The centaur hits you.
* * * LOW HITPOINT WARNING * * *
The centaur barely misses you.
The centaur hits you but does no damage.
The centaur kicks you but does no damage.
The centaur hits you.
You die...

#.....≈≈......##.....)#'#
#......≈~.....##.........
#......≈~.....##.........
#.......≈^....##.........
#.......~.....##.........
#......≈≈.†...##.........
.......≈~†..###+###.....
..[....c≈...# ######
.......@~...#
............#
##########..# #.# ...
####


You could see a centaur.

Vanquished Creatures
  Maurice (D:9)
  Joseph (D:8)
  Maggie (D:7)
  Grinder (D:4)
  Prince Ribbit (D:6)
  Sigmund (D:5)
  A vampire (D:9)
  A shadow (D:5)
  2 wyverns
  Menkaure (D:4)
  A water moccasin (D:6)
  Duvessa (D:7)
  2 ice beasts (D:7)
  2 black bears
  An orc warrior (D:10)
  2 ogres (D:5)
  4 centaurs
  A phantom (D:5)
  3 bullfrogs
  A gnoll sergeant (D:10)
  3 scorpions
  Dowan (D:7)
  9 wights
  12 killer bees
  2 howler monkeys (D:8)
  A jelly (D:5)
  8 hounds
  2 orc priests
  3 orc wizards
  Ijyb (D:5)
  Robin (D:2)
  14 gnolls
  9 adders
  3 worms
  4 dart slugs
  13 orcs
  4 bats
  7 endoplasms
  A giant cockroach (D:2)
  11 goblins
  9 hobgoblins
  15 jackals
  3 training dummies (D:6)
  4 ball pythons
  A frilled lizard (D:3)
  14 kobolds
  4 rats
  A butterfly (D:9)
189 creatures vanquished.

Notes
Turn   | Place    | Note
-------+----------+-------------------------------------------
     0 | D:1      | Borgoz the Gargoyle Berserker began the quest for the Orb.
     0 | D:1      | Reached XP level 1. HP: 14/14 MP: 1/1
   188 | D:1      | Reached XP level 2. HP: 19/19 MP: 2/2
   601 | D:2      | Reached XP level 3. HP: 24/24 MP: 3/3
  1234 | D:2      | Noticed Robin
  1247 | D:2      | Identified the +5 falchion "Sowilimogh" {flame, *Corrode
                  | rF+++ rC+ Str+3}
  1252 | D:2      | Reached skill level 1 in Stealth
  1257 | D:2      | Reached ** piety under Trog
  1259 | D:2      | Killed Robin
  1260 | D:2      | Reached XP level 4. HP: 8/29 MP: 4/4
  1477 | D:2      | Reached skill level 3 in Armour
  1723 | D:3      | Reached XP level 5. HP: 33/33 MP: 5/5
  1724 | D:3      | Reached skill level 1 in Long Blades
  1768 | D:3      | Reached skill level 1 in Throwing
  1924 | D:3      | Found a faded altar of an unknown god.
  2109 | D:4      | Noticed Grinder
  2231 | D:3      | Reached XP level 6. HP: 16/39 MP: 6/6
  2237 | D:3      | Reached skill level 4 in Armour
  2470 | D:4      | Paralysed by Grinder for 2 turns
  2549 | D:4      | Paralysed by Grinder for 2 turns
  2556 | D:4      | Killed Grinder
  2557 | D:4      | Reached XP level 7. HP: 44/44 MP: 7/7
  2650 | D:4      | Noticed Menkaure
  2655 | D:4      | Killed Menkaure
  3097 | D:4      | Found Kumes's Weapon Shop.
  3132 | D:4      | Found a radiant altar of Vehumet.
  3136 | D:4      | Found an iron altar of Okawaru.
  3168 | D:5      | Entered Level 5 of the Dungeon
  3361 | D:5      | Noticed Ijyb
  3367 | D:5      | Killed Ijyb
  3554 | D:5      | Reached skill level 5 in Armour
  3572 | D:5      | Reached XP level 8. HP: 32/48 MP: 8/8
  3800 | D:5      | Reached skill level 5 in Fighting
  3824 | D:5      | Noticed a shadow
  3835 | D:5      | Killed a shadow
  3973 | D:5      | Reached skill level 6 in Armour
  4081 | D:5      | Noticed Sigmund
  4091 | D:5      | Killed Sigmund
  4463 | D:6      | Found Jadwun's Firing Range.
  4473 | D:6      | Reached XP level 9. HP: 39/55 MP: 9/9
  4533 | D:6      | Bought a throwing net for 36 gold pieces
  4764 | D:6      | Reached skill level 5 in Long Blades
  4764 | D:6      | Reached skill level 7 in Armour
  4837 | D:6      | Found a hazy altar of Hepliaklqana.
  4945 | D:6      | Found a broken altar of Ashenzari.
  4945 | D:6      | Noticed Prince Ribbit
  5106 | D:6      | Killed Prince Ribbit
  5514 | D:7      | Noticed Dowan
  5514 | D:7      | Noticed Duvessa
  5521 | D:7      | Killed Duvessa
  5539 | D:7      | Killed Dowan
  5668 | D:7      | Reached skill level 8 in Armour
  5720 | D:7      | Found a shimmering blue altar of Sif Muna.
  5976 | D:7      | Noticed Maggie
  5986 | D:7      | Killed Maggie
  5987 | D:7      | Reached skill level 1 in Evocations
  5987 | D:7      | Reached XP level 10. HP: 61/61 MP: 10/10
  6125 | D:7      | Found a staircase to the Ecumenical Temple.
  6499 | D:8      | Noticed Joseph
  6521 | D:8      | Killed Joseph
  6731 | D:8      | Found an ornate altar of the Wu Jian Council.
  7262 | D:9      | Found a staircase to the Lair.
  7265 | D:9      | Found Qubabuohu's Magic Scroll Shop.
  7287 | D:10     | Entered Level 10 of the Dungeon
  7642 | D:10     | Reached skill level 5 in Dodging
  8078 | D:9      | Bought a scroll of teleportation for 48 gold pieces
  8098 | D:9      | Bought a scroll of enchant armour for 120 gold pieces
  8098 | D:9      | Bought a scroll of enchant armour for 120 gold pieces
  8127 | D:9      | Noticed Maurice
  8144 | D:9      | Killed Maurice
  8342 | D:9      | HP: 3/63 [centaur/arrow (5)]
  8351 | D:9      | HP: 3/64 [centaur (1)]
  8352 | D:9      | Slain by a centaur

Illustrated notes

Levels and vault maps discovered:
D:1:      heliophobic_arrival_battle_scene, layout_rooms,
          nicolae_figureground_sparkle
D:2:      layout_loops_corners, serial_rivers, chequers_serial_rivers_large_a,
          chequers_serial_rivers_micro_e, chequers_serial_rivers_micro_d,
          chequers_serial_rivers_small_3, chequers_serial_rivers_small_b,
          st_stairs_9, chequers_serial_rivers_room_a, solitary_fountain,
          dreamdust_princess_bridge, skrybe_limestone_x, uniq_robin
D:3:      layout_rooms, hellmonk_ecumenical_altar_leap_of_faith
D:4:      layout_rooms, nicolae_overflow_hidden_temple, serial_shops,
          nicolae_shop_behind_doors, uniq_grinder, uniq_menkaure, uniq_edmund
D:5:      cheibrodos_barr_body, layout_basic, uniq_ijyb, uniq_sigmund
D:6:      layout_cave_pools, nicolae_hepliaklqana_hippocampus,
          nicolae_ashenzari_skybound, nicolae_shop_firing_range,
          uniq_prince_ribbit1
D:7:      layout_loops_ring, mainiacjoe_overflow_alcove_4, temple_doors_ab,
          glass_columns_c, uniq_duvessa, uniq_maggie
D:8:      layout_basic, pdpol_wu_jian_five_deadly_venoms, uniq_joseph
D:9:      layout_basic, lair_entry_dummy, serial_rivers,
          chequers_serial_rivers_micro_a, chequers_serial_rivers_marsh,
          chequers_serial_rivers_micro_c, chequers_serial_rivers_small_a,
          chequers_serial_rivers_room_a, chequers_serial_rivers_room_b,
          serial_shops, shop, roderic_serpentine_path, hangedman_glass_garden,
          minmay_unpleasant_kobolds, uniq_maurice
D:10:     layout_irregular_city, kennysheep_mini_moat, lightli_temple_of_fire,
          tso_metal_star, hiddenorc1_lemuel, minmay_misc_feat_more_columns,
          grunt_ministairs_15, uniq_josephine

Skill      XL: |  1  2  3  4  5  6  7  8  9 10 |
---------------+-------------------------------+-----
Stealth        | 1 2 3 4 |  4.0
Armour         | 3 4 5 6 8 |  8.9
Dodging        | 2 3 4 5 |  5.2
Fighting       | 4 5 6 7 |  7.6
Long Blades    | 1 2 3 4 6 7 |  7.6
Throwing       | 1 2 3 |  3.0
Evocations     | 1 2 |  2.9
Maces & Flails | |  3.5

Action                     |  1- 3 |  4- 6 |  7- 9 | 10-12 || total
---------------------------+-------+-------+-------+-------++-------
  Melee: Mace              |   101 |    11 |       |       ||   112
         Punch             |     1 |       |     3 |       ||     4
         Falchion          |       |    78 |   247 |   173 ||   498
 Invoke: Berserk           |     3 |     4 |     9 |     8 ||    24
         Trog's Hand       |       |     1 |     3 |       ||     4
    Use: Scroll            |       |     5 |     4 |     5 ||    14
         Potion            |       |       |     3 |     3 ||     6
   Stab: Sleeping          |       |     1 |       |     3 ||     4
         Distracted        |       |       |       |     1 ||     1
 Armour: Animal skin       |    48 |     9 |       |       ||    57
         Chain mail        |       |    60 |   174 |       ||   234
         Steam dragon scal |       |       |       |   119 ||   119
  Dodge: Dodged            |    90 |    58 |   129 |   200 ||   477
